 Dungeon Crawl Stone Soup version 0.28-a0-1510-gd0f6b136d3 (webtiles) character file.

Game seed: 10139906686380770996

6985 ragingrage the Spear-Bearer (level 11, -15/90 HPs)
             Began as a Merfolk Delver on Jan 15, 2022.
             Was a High Priest of Okawaru.
             Demolished by a freezing wraith (18 damage)
             ... on level 9 of the Dungeon.
             The game lasted 00:10:14 (10121 turns).

ragingrage the Spear-Bearer (Merfolk Delver)       Turns: 10121, Time: 00:10:14

Health: -15/90     AC:  6    Str: 25    XL:     11   Next: 8%
Magic:  11/11      EV: 16    Int: 11    God:    Okawaru [*****.]
Gold:   460        SH:  0    Dex: 18    Spells: 10/10 levels left

rFire   + + .      SeeInvis .   i - +10 war axe of Foolhardiness {flame, rF++ rC- Str+4 Int+2}
rCold   x . .      Faith    .   (no shield)
rNeg    . . .      Spirit   .   M - +0 troll leather armour
rPois   .          Reflect  .   m - +0 helmet
rElec   .          Harm     .   G - scarf {+Inv}
rCorr   .          Rampage  .   k - +0 pair of gloves
Will    .....                   (no boots)
Stlth   +++.......              (no amulet)
HPRegen 1.05/turn               y - +6 ring of strength
MPRegen 0.12/turn               (no ring)

@: lethally poisoned (-15 -> -18), slowed, studying Bows, very slow
A: (nimble swimmer 2), mertail
a: Renounce Religion, Evoke Invisibility, Heroism, Finesse, Duel


You were on level 9 of the Dungeon.
You worshipped Okawaru.
Okawaru was extremely pleased with you.
You visited 1 branch of the dungeon, and saw 9 of its levels.

You collected 460 gold pieces.

Inventory:

Hand Weapons
 i - the +10 war axe of Foolhardiness (weapon) {flame, rF++ rC- Str+4 Int+2}
   (You found it on level 4 of the Dungeon)

   It burns those it strikes, dealing additional fire damage.
   Big, fiery blades are also staple armaments of hydra-hunters.
   Str:       It affects your strength (+4).
   Int:       It affects your intelligence (+2).
   rF:        It greatly protects you from fire.
   rC:        It makes you vulnerable to cold.
 J - a +1 spear of freezing
Missiles
 b - 3 javelins
 F - 22 poisoned darts (quivered)
 I - 2 throwing nets
 K - 6 atropa-tipped darts
 L - 2 curare-tipped darts
 N - 4 silver javelins
Armour
 k - a +0 pair of gloves (worn)
 m - a +0 helmet (worn)
 G - a scarf of invisibility (worn)
 M - a +0 troll leather armour (worn)
Jewellery
 t - a ring of flight
 y - a +6 ring of strength (left hand)
Wands
 g - a wand of digging (3)
 v - a wand of polymorph (6)
 x - a wand of paralysis (7)
 H - a wand of iceblast (8)
Scrolls
 a - a scroll of holy word {unknown}
 c - 2 scrolls of fog
 d - 2 scrolls of magic mapping
 e - a scroll of fear
 j - 3 scrolls of immolation {unknown}
 l - a scroll of brand weapon {unknown}
 n - a scroll of silence {unknown}
 o - 3 scrolls of enchant weapon {unknown}
 q - 3 scrolls of identify {unknown}
 s - a scroll of enchant armour {unknown}
 u - 2 scrolls of teleportation {unknown}
 B - a scroll of torment {unknown}
 D - 2 scrolls of amnesia {unknown}
Potions
 f - a potion of haste
 h - a potion of curing
 p - a potion of attraction {unknown}
 r - 2 potions of invisibility {unknown}
 w - a potion of berserk rage {unknown}
 z - a potion of ambrosia {unknown}
 C - 2 potions of flight {unknown}
 E - 2 potions of magic {unknown}


   Skills:
 - Level 10.0 Fighting
 + Level 14.6 Polearms
 - Level 6.0 Throwing
 + Level 2.3 Armour
 + Level 6.9 Dodging
 - Level 5.4 Stealth
 - Level 5.0 Evocations


You had 10 spell levels left.
You didn't know any spells.
Your spell library contained the following spells:

 Spells                   Type           Power      Damage    Failure   Level
 Magic Dart               Conj           0%         1d3       36%         1
 Corpse Rot               Necr/Air       0%         N/A       52%         2
 Scorch                   Fire           0%         2d5       52%         2
 Mephitic Cloud           Conj/Pois/Air  0%         N/A       75%         3
 Dispel Undead            Necr           0%         3d6       98%         4
 Flame Wave               Conj/Fire      0%         2d4       98%         4
 Blade Hands              Tmut           0%         N/A       100%        5
 Irradiate                Conj/Tmut      0%         3d13      100%        5
 Dragon Form              Tmut           0%         N/A       100%        7
 Call Imp                 Summ           Unusable   N/A       N/A         2
 Death Channel            Necr           Unusable   N/A       N/A         6
 Summon Cactus Giant      Summ           Unusable   N/A       N/A         6

Dungeon Overview and Level Annotations

Branches:
Dungeon (9/15)             Temple (0/1) D:6
   Lair: D:8-11         Orc: D:9-12

Altars:
Cheibriados
Elyvilon
Gozag
Hepliaklqana
Makhleb
Nemelex Xobeh
Okawaru
Vehumet
Xom

Annotations:
D:4 2 transporters, Pin's ghost, amateur GrFi
D:6 1 runed translucent door, Shayle's ghost, amateur DjWr
D:7 exclusion: 4 doors


Innate Abilities, Weirdness & Mutations

((You are very nimble when in or above water. (Stealth+, EV+, Speed+++)))
Your lower body shifts to a powerful aquatic tail in water.


Message History

The orc misses you.
You hit the orc warrior. You burn the orc warrior.
You kill the orc warrior!
Okawaru accepts your kill.
You barely miss the freezing wraith. You barely miss the orc.
The freezing wraith hits you. The freezing wraith freezes you!!
You feel a terrible chill! The freezing wraith barely misses you.
An orc wizard comes into view. It is wielding a +0 long sword.
The orc barely misses you. The freezing wraith barely misses you.
The freezing wraith hits you! The freezing wraith drains your vigour!
You feel yourself slow down.
You are too injured to fight recklessly!
You are too injured to fight recklessly!
You barely miss the orc. You closely miss the orc wizard.
You hit the freezing wraith. You burn the freezing wraith.
The orc wizard barely misses you. The orc closely misses you.
The freezing wraith misses you. The freezing wraith barely misses you.
The orc wizard casts a spell at you.
You easily resist.
The orc wizard hits you with a +1 dagger of venom.
You are poisoned.
The orc closely misses you.
You hit the freezing wraith but do no damage.
The freezing wraith is moderately damaged.
You hit the orc. You burn the orc. You hit the orc wizard.
You burn the orc wizard.
You feel very sick. The freezing wraith hits you.
The freezing wraith freezes you!!
You feel a terrible chill!
* * * LOW HITPOINT WARNING * * *
The freezing wraith misses you.
The orc wizard gestures at you while chanting.
The magic dart hits you!
* * * LOW HITPOINT WARNING * * *
The orc wizard hits you but does no damage.
You are more poisoned.
The orc hits you but does no damage. The freezing wraith hits you.
* * * LOW HITPOINT WARNING * * *
The freezing wraith freezes you!!
You feel a terrible chill!
You die...

#. .. #.#####.##
........##
#........#
#......o#
#.......#
#.##...o)..#
###.##...@o..#
#........#W....#
#..###...#.....#
#..###..#.#....#
#..#....#.#......
#......##.##...##
###..#...# ##
...# ######
######.......##
#..# #.....
.......#.##..# ..
##.####


You could see a freezing wraith, 2 orc wizards and an orc.

Vanquished Creatures
  Pikel (D:4)
  An ugly thing (D:9)
  A troll (D:9)
  Prince Ribbit (D:8)
  Grinder (D:4)
  2 wyverns
  10 yaks
  2 water moccasins
  5 orc warriors
  2 sky beasts (D:6)
  2 necrophages (D:7)
  An ice beast (D:7)
  2 black bears
  An ogre (D:5)
  3 centaurs
  A phantom (D:6)
  3 kobold brigands
  A gnoll sergeant (D:8)
  4 bullfrogs
  3 wyvern zombies
  A water moccasin skeleton (D:7)
  5 wights (D:6)
  3 howler monkeys
  A crimson imp (D:8)
  3 lava snakes (D:7)
  A centaur zombie (D:6)
  4 orc priests
  A gnoll shaman (D:7)
  Terence (D:3)
  Jessica (D:2)
  Natasha (thrice) (D:2)
  3 iguanas
  Ijyb (D:4)
  7 orc wizards
  2 hound skeletons (D:4)
  Robin (D:3)
  16 gnolls
  2 howler monkey skeletons (D:6)
  6 adders
  A shadow imp (D:6)
  2 white imps (D:7)
  2 ufetubi (D:6)
  An adder skeleton (D:4)
  4 worms
  3 dart slugs
  22 orcs
  12 ball pythons
  7 endoplasms
  4 giant cockroaches
  4 hobgoblins
  4 quokkas
  9 bats
  A frilled lizard (D:1)
  9 goblins
  16 kobolds
  5 rats
215 creatures vanquished.

Notes
Turn   | Place    | Note
-------+----------+-------------------------------------------
     0 | D:5      | ragingrage the Merfolk Delver began the quest for the Orb.
     0 | D:5      | Reached XP level 1. HP: 18/18 MP: 1/1
    49 | D:5      | Noticed an ogre
    59 | D:4      | Noticed a lemure
    59 | D:4      | Noticed a lemure
   184 | D:4      | Identified the +10 war axe of Foolhardiness {flame, rF++
                  | rC- Str+4 Int+2}
   229 | D:4      | Noticed an orc wizard
   231 | D:4      | Noticed an orc wizard
   232 | D:4      | Reached skill level 4 in Polearms
   232 | D:4      | Reached XP level 2. HP: 23/24 MP: 2/2
   246 | D:3      | Noticed Terence
   268 | D:4      | Found an iron altar of Okawaru.
   277 | D:4      | Became a worshipper of Warmaster Okawaru
   356 | D:3      | Reached skill level 5 in Polearms
   356 | D:3      | Reached XP level 3. HP: 29/29 MP: 3/3
   385 | D:3      | Noticed Robin
   394 | D:3      | Killed Robin
   556 | D:3      | Reached skill level 6 in Polearms
   556 | D:3      | Reached XP level 4. HP: 35/35 MP: 4/4
   786 | D:2      | Noticed Natasha
   794 | D:2      | Killed Natasha
   795 | D:2      | Reached skill level 7 in Polearms
   795 | D:2      | Reached XP level 5. HP: 41/41 MP: 5/5
   877 | D:2      | Noticed Jessica
   882 | D:2      | Killed Jessica
  1713 | D:1      | Found a faded altar of an unknown god.
  1865 | D:2      | Noticed Natasha
  1869 | D:2      | Killed Natasha
  1889 | D:2      | Reached XP level 6. HP: 48/48 MP: 6/6
  1972 | D:2      | Noticed Natasha
  1986 | D:2      | Killed Natasha
  2371 | D:3      | Killed Terence
  2835 | D:4      | Reached skill level 8 in Polearms
  2847 | D:4      | Found a snail-covered altar of Cheibriados.
  2931 | D:4      | Noticed a wyvern
  2942 | D:4      | Killed a wyvern
  2942 | D:4      | Reached * piety under Okawaru
  2943 | D:4      | Reached skill level 5 in Fighting
  2943 | D:4      | Reached skill level 5 in Dodging
  2943 | D:4      | Reached XP level 7. HP: 37/56 MP: 7/7
  3208 | D:4      | Noticed Pikel
  3220 | D:4      | Killed Pikel
  3220 | D:4      | Reached ** piety under Okawaru
  3221 | D:4      | Reached skill level 10 in Polearms
  3221 | D:4      | Reached XP level 8. HP: 17/65 MP: 8/8
  3469 | D:4      | Noticed Ijyb
  3576 | D:4      | Paralysed by Ijyb for 6 turns
  3583 | D:4      | Killed Ijyb
  3690 | D:4      | Found a transporter.
  3694 | D:4      | Noticed Pin's ghost (amateur GrFi)
  3720 | D:4      | Found a transporter.
  3738 | D:4      | Noticed Grinder
  3743 | D:4      | Killed Grinder
  3808 | D:4      | Reached skill level 11 in Polearms
  4739 | D:5      | Noticed a wyvern
  4745 | D:5      | Killed a wyvern
  4745 | D:5      | Reached *** piety under Okawaru
  5177 | D:6      | Reached XP level 9. HP: 74/74 MP: 9/9
  5184 | D:6      | Reached skill level 1 in Throwing
  5325 | D:6      | Reached skill level 12 in Polearms
  5354 | D:6      | Identified the +1 scale mail "Weonipp" {Dex+2}
  5406 | D:6      | Noticed Shayle's ghost (amateur DjWr)
  5438 | D:6      | Found a runed translucent door.
  5594 | D:6      | Found a sparkling altar of Nemelex Xobeh.
  5662 | D:6      | Found a staircase to the Ecumenical Temple.
  6456 | D:7      | Reached **** piety under Okawaru
  6457 | D:7      | Reached skill level 1 in Evocations
  6597 | D:7      | Reached skill level 13 in Polearms
  7090 | D:7      | Reached XP level 10. HP: 75/83 MP: 10/10
  7170 | D:7      | Found a radiant altar of Vehumet.
  7173 | D:7      | Found an opulent altar of Gozag.
  7176 | D:7      | Found a white marble altar of Elyvilon.
  7186 | D:7      | Found a hazy altar of Hepliaklqana.
  8090 | D:8      | Noticed Prince Ribbit
  8093 | D:8      | Killed Prince Ribbit
  8093 | D:8      | Reached ***** piety under Okawaru
  8184 | D:7      | Received a gift from Okawaru
  8185 | D:7      | Reached skill level 10 in Fighting
  8188 | D:7      | Reached skill level 5 in Throwing
  8540 | D:8      | Reached skill level 14 in Polearms
  8712 | D:8      | Found a shimmering altar of Xom.
  8712 | D:8      | Found a burning altar of Makhleb.
  9191 | D:9      | Reached skill level 1 in Armour
  9191 | D:9      | Received a gift from Okawaru
  9205 | D:9      | Noticed a skeletal warrior
  9962 | D:9      | Reached XP level 11. HP: 88/90 MP: 11/11
 10012 | D:9      | Noticed a cyan ugly thing
 10067 | D:9      | Killed a cyan ugly thing
 10067 | D:9      | Received a gift from Okawaru
 10068 | D:9      | Reached skill level 5 in Evocations
 10121 | D:9      | HP: 3/90 [freezing wraith (3)]
 10121 | D:9      | Demolished by a freezing wraith

Illustrated notes

Levels and vault maps discovered:
D:1:      dpeg_arrival_leaves_temple_mockup, layout_basic,
          shapermc_ecumenical_altar_pompeii, serial_bayou_pond_a,
          roderic_st_hans_cross, minmay_heptomino_d4
D:2:      layout_loops_ring, kennysheep_jessica_study, uniq_natasha
D:3:      layout_loops_ring, uniq_terence, uniq_robin
D:4:      minmay_angry_zag, layout_loops_ring,
          mainiacjoe_overflow_catch_the_wave, gammafunk_ghost_arena,
          minmay_manual_moon, uniq_ijyb, uniq_pikel, uniq_grinder
D:5:      layout_loops_ring, nrook_mini_backslash, corexii_shack
D:6:      layout_loops_ring, overflow_temple_1_default,
          minmay_temple_entry_statues, hellmonk_ghost_happy_afterlife
D:7:      layout_cave_pools, grunt_temple_overflow_cloverleaf,
          kennysheep_big_empty_room, minmay_between
D:8:      layout_gridville, grunt_temple_overflow_champion_of_chaos,
          uniq_prince_ribbit1
D:9:      minmay_the_grid_four_pointed_star
          [minmay_the_grid_triangle_9x9_odd_lines,
          minmay_the_grid_triangle_9x9_checkered,
          minmay_the_grid_triangle_9x9_minimal,
          minmay_the_grid_triangle_9x9_windchime,
          minmay_the_grid_prize_inner_circle], layout_loops_cross

Skill      XL: |  1  2  3  4  5  6  7  8  9 10 11 |
---------------+----------------------------------+-----
Polearms       | 4 5 6 7 8 10 11 13 14 | 14.6
Dodging        | 3 5 6 |  6.9
Fighting       | 4 5 6 8 9 10 | 10.0
Throwing       | 4 6 |  6.0
Evocations     | 2 4 5 |  5.0
Armour         | 2 |  2.3
Stealth        | |  5.4

Action                   |  1- 3 |  4- 6 |  7- 9 | 10-12 || total
-------------------------+-------+-------+-------+-------++-------
Melee: War axe           |    21 |    90 |   160 |   139 ||   410
       Punch             |     1 |     1 |     1 |     2 ||     5
       Unarmed           |       |     3 |       |       ||     3
Throw: Javelin           |       |       |     2 |     1 ||     3
       Dart              |       |       |       |     3 ||     3
  Use: Potion            |       |       |     1 |       ||     1
 Stab: Sleeping          |     3 |    19 |     3 |       ||    25
Armor: Leather armour    |     2 |    18 |    11 |       ||    31
       Scale mail        |       |       |    62 |    52 ||   114
       Troll leather arm |       |       |       |     2 ||     2
Dodge: Dodged            |     9 |    49 |   112 |   140 ||   310

Table legend: (Time is in decaauts)
 A = Elapsed time spent in this place.
 B = Non-inter-level travel time spent in this place.
 C = Inter-level travel time spent in this place.
 D = Time resting spent in this place.
 E = Time spent auto-exploring this place.
 F = Levels seen in this place.
 G = Mean time per level.
                   A        B        C        D        E       F      G
               +--------+--------+--------+--------+--------+-----+--------+
         Total |  10249 |   9890 |    359 |   2568 |   5702 |   9 | 1138.8 |
       Dungeon |  10249 |   9890 |    359 |   2568 |   5702 |   9 | 1138.8 |
               +--------+--------+--------+--------+--------+-----+--------+

Top non-repeatable levels by time:
     D:7: 1937 daAuts
     D:4: 1632 daAuts
     D:6: 1231 daAuts
     D:8: 1230 daAuts
     D:3: 1081 daAuts
     D:5: 989 daAuts
     D:1: 799 daAuts
     D:2: 712 daAuts
     D:9: 634 daAuts
